 Dungeon Crawl Stone Soup version 0.29.1-1-gd02db6906a (webtiles) character file.

Game seed: 1041347319895602549

417 funnyparkerb the Cudgeller (level 6, -8/38 HPs)
             Began as a Gargoyle Monk on Sept 16, 2022.
             Mangled by a boulder beetle (11 damage)
             ... on level 7 of the Dungeon.
             The game lasted 00:06:05 (4055 turns).

funnyparkerb the Cudgeller (Gargoyle Monk)          Turns: 4055, Time: 00:06:06

Health: -8/38      AC: 21    Str: 14 (16) XL:     6   Next: 93%
Magic:  0/6        EV:  6    Int:  8 (11) God:
Gold:   61         SH:  0    Dex: 11 (12) Spells: 5/5 levels left

rFire   . . .      SeeInvis .   a - +0 mace
rCold   . . .      Faith    .   (no shield)
rNeg    + + +      Spirit   +   y - +7 chain mail of Insecurity {rN+ Will+}
rPois   ∞          Reflect  .   (no helmet)
rElec   +          Harm     .   (no cloak)
rCorr   .          Rampage  +   w - +0 pair of gloves
Will    +....                   h - +0 pair of boots {rampage}
Stlth   ..........              l - amulet of guardian spirit
HPRegen 0.12/turn               x - ring of positive energy
MPRegen 0.10/turn               (no ring)

@: confused, brilliant, ambrosia-drunk, attractive
A: sickness immunity, AC +4, negative energy resistance 1, electricity
resistance, torment resistance 1, petrification resistance
a: no special abilities


You were on level 7 of the Dungeon.
You visited 1 branch of the dungeon, and saw 7 of its levels.

You collected 111 gold pieces.
You spent 50 gold pieces at shops.

Inventory:

Hand Weapons
 a - a +0 mace (weapon)
Missiles
 f - 20 poisoned darts (quivered)
Armour
 h - a +0 pair of boots of rampaging (worn)
 w - a +0 pair of gloves (worn)
 y - the +7 chain mail of Insecurity (worn) {rN+ Will+}
   (You found it on level 4 of the Dungeon)

   rN:        It protects you from negative energy.
   Will:      It increases your willpower.
Jewellery
 l - an amulet of guardian spirit (around neck)
 x - a ring of positive energy (left hand)
Scrolls
 g - a scroll of poison
 i - a scroll of immolation {unknown}
 k - 4 scrolls of identify {unknown}
 n - 2 scrolls of summoning {unknown}
 r - 2 scrolls of fog {unknown}
 u - 2 scrolls of teleportation {unknown}
 v - 4 scrolls of noise {unknown}
Potions
 d - a potion of brilliance
 e - a potion of attraction
 j - a potion of curing {unknown}
 o - a potion of degeneration
 q - a potion of lignification {unknown}
 s - a potion of resistance {unknown}
 t - 2 potions of invisibility {unknown}
 z - a potion of berserk rage {unknown}


   Skills:
 * Level 4.2 Fighting
 - Level 7.1 Maces & Flails
 + Level 0.0 Armour
 - Level 2.4 Dodging
 - Level 2.1 Stealth


You had 5 spell levels left.
You didn't know any spells.
Your spell library was empty.

Dungeon Overview and Level Annotations

Branches:
Dungeon (8/15)
 Temple: D:4-7         Lair: D:8-11

Altars:

Shops:
D:1 [=*!


Innate Abilities, Weirdness & Mutations

You are immune to sickness and miasma.
Your stone body is resilient. (AC +4)
You are immune to poison.
You resist negative energy. (rN+)
You are resistant to electric shocks. (rElec)
You are resistant to unholy torment.
You are immune to petrification.


Message History

* * * LOW HITPOINT WARNING * * *
You are confused.
You feel invigorated. The killer bee barely misses you.
The killer bee stings you but does no damage.
The jelly jiggles.
The jelly hits you but does no damage.
The kobold brigand hits you but does no damage.
The boulder beetle barely misses you.
It was a potion of brilliance.
You feel clever all of a sudden. The killer bee barely misses you.
The killer bee stings you but does no damage.
The jelly barely misses you.
The kobold brigand hits you with a +0 club.
* * * LOW HITPOINT WARNING * * *
The boulder beetle bites you but does no damage.
It was a potion of attraction.
You feel attractive to monsters. The killer bee stings you!
* * * LOW HITPOINT WARNING * * *
The killer bee stings you but does no damage.
The jelly barely misses you.
The kobold brigand hits you but does no damage.
The boulder beetle bites you but does no damage.
The two-headed ogre is attracted toward you.
The wight is attracted toward you.
It was a potion of degeneration.
There was something very wrong with that liquid.
You feel weakened.
You feel dopey.
You feel clumsy.
The killer bee stings you but does no damage.
The killer bee completely misses you.
The two-headed ogre is engulfed in poison gas.
The two-headed ogre is poisoned.
The two-headed ogre hits you with a +0 great mace!
* * * LOW HITPOINT WARNING * * *
The two-headed ogre hits you with a +0 giant club.
* * * LOW HITPOINT WARNING * * *
The jelly hits you but does no damage. The wight hits you but does no damage.
The kobold brigand closely misses you. The boulder beetle bites you!
You die...

#§§ §§§ #§# #######§###
#.. #§§§§§§§§§# #.#
#§§§§§§§§§# .. ...# #.#
+§§§§§J§§§# .##...# #.#
#§§§§§B@y§##.......# #.#
#§§§§§KzO§##.......# #..
#§§§§§§§§§##........##..
#§§§§§§§§§##..........>.
#######§§§.............#
#§§§§§y..........#
#§§§§§§..####....#
#§####§######....# #.
#.............#


You could see a boulder beetle, a two-headed ogre (poisoned), a kobold brigand,
a jelly, a killer bee and a wight.

Vanquished Creatures
  A black bear (D:4)
  An ice beast (D:3)
  An ogre (D:4)
  A jelly (D:3)
  4 adders
  2 worms
  2 dart slugs
  7 orcs (D:4)
  4 bats
  5 endoplasms
  4 giant cockroaches
  3 goblins
  4 hobgoblins
  13 kobolds
  6 quokkas
  7 ball pythons
  7 frilled lizards
  3 rats
75 creatures vanquished.

Vanquished Creatures (others)
  3 plants (D:3)
3 creatures vanquished.

Grand Total: 78 creatures vanquished

Notes
Turn   | Place    | Note
-------+----------+-------------------------------------------
     0 | D:1      | funnyparkerb the Gargoyle Monk began the quest for the Orb.
     0 | D:1      | Reached XP level 1. HP: 14/14 MP: 1/1
    18 | D:1      | Found Voedokh's Distillery.
    20 | D:1      | Found Plog's Jewellery Shop.
   474 | D:1      | Reached XP level 2. HP: 17/19 MP: 2/2
   507 | D:1      | Found a faded altar of an unknown god.
   714 | D:1      | Found Vibaxkuh's General Store.
  1034 | D:1      | Found Huneqe's Antique Armour Shop.
  1039 | D:1      | Reached skill level 4 in Maces & Flails
  1087 | D:1      | Bought a potion of heal wounds for 50 gold pieces
  1392 | D:2      | Reached XP level 3. HP: 22/23 MP: 3/3
  1638 | D:2      | Reached XP level 4. HP: 22/28 MP: 2/4
  2166 | D:3      | Reached skill level 5 in Maces & Flails
  2378 | D:3      | Noticed an ice beast
  2394 | D:3      | Killed an ice beast
  2395 | D:3      | Reached skill level 6 in Maces & Flails
  2395 | D:3      | Reached XP level 5. HP: 9/32 MP: 1/5
  3263 | D:4      | Noticed a black bear
  3278 | D:4      | Killed a black bear
  3279 | D:4      | Reached skill level 7 in Maces & Flails
  3279 | D:4      | Reached XP level 6. HP: 31/37 MP: 6/6
  3785 | D:4      | Identified the +7 chain mail of Insecurity {rN+ Will+}
  3959 | D:4      | You fall into a shaft and drop 3 floors!
  4022 | D:7      | Noticed a two-headed ogre
  4022 | D:7      | Noticed a boulder beetle
  4055 | D:7      | Mangled by a boulder beetle

Illustrated notes

Levels and vault maps discovered:
D:1:      onia_arrival_pentagram, layout_loops_ring, serial_shops,
          shop_fountains, shop, nicolae_shop_window_shopping,
          nicolae_shop_stone, chequers_ecumenical_altar_lobes,
          minmay_pentomino_r2
D:2:      layout_loops_ring, nicolae_titane
D:3:      layout_loops_ring, lexackson_kobold_supper
D:4:      layout_basic, minmay_crossroads
D:6:      layout_loops_corners, minmay_temple_entry_stoned_glass, serial_shops,
          shop, kennysheep_generic_room_6
D:7:      layout_basic, mainiacjoe_overflow_concentric_impassable,
          enter_bailey_4, minmay_manual_moon, uniq_crazy_yiuf_cottage
D:8:      layout_loops_cross, gammafunk_ghost_berserking_beasts

Skill      XL: |  1  2  3  4  5  6 |
---------------+-------------------+-----
Maces & Flails | 4 6 7 |  7.1
Fighting       | 4 |  4.2
Dodging        | |  2.4
Stealth        | |  2.1

Action                   |  1- 3 |  4- 6 || total
-------------------------+-------+-------++-------
Melee: Mace              |    88 |   135 ||   223
       Punch             |     1 |     2 ||     3
Throw: Dart              |       |     5 ||     5
  Use: Potion            |       |     5 ||     5
       Scroll            |       |     1 ||     1
 Stab: Sleeping          |     4 |     3 ||     7
Armor: Robe              |    15 |       ||    15
       Ring mail         |     8 |       ||     8
       Leather armour    |     8 |    64 ||    72
       Chain mail        |       |    31 ||    31
Dodge: Dodged            |    55 |    95 ||   150
